 Dungeon Crawl Stone Soup version 0.21.1-1-g345015fe64 (webtiles) character file.

924 Lavandula the Ruffian (level 7, -1/56 HPs)
             Began as a Deep Dwarf Transmuter on May 24, 2018.
             Was an Initiate of Makhleb.
             Slain by an ice beast (7 damage)
             ... on level 6 of the Dungeon.
             The game lasted 00:13:48 (1784 turns).

Lavandula the Ruffian (Deep Dwarf Transmuter)       Turns: 1784, Time: 00:13:48

Health: -1/56      AC:  6    Str: 16      XL:     7   Next: 84%
Magic:  6/10       EV: 20    Int: 13      God:    Makhleb [......]
Gold:   218        SH:  0    Dex: 17 (18) Spells: 6/12 levels left

rFire    . . .     SeeInvis .     - Unarmed
rCold    . . .     Gourm    .   (shield currently unavailable)
rNeg     . . .     Faith    .   (armour currently unavailable)
rPois    x         Spirit   .   (helmet currently unavailable)
rElec    .         Reflect  .   (cloak currently unavailable)
rCorr    .         Harm     .   (gloves currently unavailable)
MR       +....                  (boots currently unavailable)
Stlth    ++........             (no amulet)
HPRegen  0.00/turn              o - +4 ring of protection
MPRegen  0.12/turn              (no ring)

@: spider-form (expiring), non-regenerating
A: tiny, damage resistance, heal wounds, sense surroundings 1, no regeneration
a: Heal Wounds, End Transformation, Renounce Religion


You were on level 6 of the Dungeon.
You worshipped Makhleb.
Makhleb was noncommittal.
You were hungry.
You were a venomous arachnid creature.
You visited 2 branches of the dungeon, and saw 7 of its levels.
You also visited: Sewer.

You collected 218 gold pieces.

Inventory:

Hand Weapons
 t - a +0 fustibalus
Missiles
 a - 80 arrows
 g - 22 poisoned needles
 j - 53 stones (quivered)
 v - 2 throwing nets
Armour
 b - a +0 robe (melded)
 q - a +0 troll leather armour {Purgy}
Jewellery
 o - a +4 ring of protection (left front leg)
Wands
 l - a wand of iceblast (4)
Scrolls
 e - a scroll of remove curse
 f - a scroll of enchant weapon {unknown}
 m - a scroll of immolation {unknown}
 n - a scroll of fog {unknown}
 p - 2 scrolls of identify {unknown}
 r - a scroll of fear {unknown}
 s - a scroll of amnesia {unknown}
 w - a scroll of teleportation {unknown}
Potions
 h - 3 potions of haste
 i - a potion of degeneration
 k - a potion of ambrosia {unknown}
 x - a potion of flight
Books
 c - a book of Changes

   Spells                             Type                      Level
   a - Beastly Appendage              Transmutation                1
   b - Sticks to Snakes               Transmutation                2
   c - Spider Form                    Transmutation/Poison         3
   d - Ice Form                       Ice/Transmutation            4
   e - Blade Hands                    Transmutation                5
Comestibles
 d - 3 rations
 u - a chunk of flesh


   Skills:
 - Level 0.8 Fighting
 - Level 2.1 Dodging
 + Level 6.8 Unarmed Combat
 - Level 3.0 Spellcasting
 - Level 4.8 Transmutations


You had 6 spell levels left.
You knew the following spells:

 Your Spells              Type           Power        Failure   Level  Hunger
a - Beastly Appendage     Tmut           ##....       11%         1    #......
b - Sticks to Snakes      Tmut           ##......     14%         2    ###....
c - Spider Form           Tmut/Pois      #.........   47%         3    ###....


Dungeon Overview and Level Annotations

Branches:
Dungeon (6/15)             Temple (1/1) D:5

Altars:
Hepliaklqana
Makhleb
Qazlal
Trog
Vehumet

Annotations:
D:2 Sigmund
D:5 Lavandula's ghost, novice DDTm


Innate Abilities, Weirdness & Mutations

You are resistant to damage.
You can heal yourself by infusing magical energy.
You passively map a small area around you.
You do not regenerate.


Message History

Your magical contamination has completely faded away.
You barely miss the ice beast.
Your transformation has ended.
Your +0 robe unmelds from your body.
The ice beast hits you. The ice beast freezes you!
* * * LOW HITPOINT WARNING * * *
Casting: Spider Form
Confirm with . or Enter, or press ? or * to list all spells.
You turn into a venomous arachnid creature.
Your +0 robe melds into your body.
The ice beast hits you.
* * * LOW HITPOINT WARNING * * *
The ice beast freezes you!
* * * LOW HITPOINT WARNING * * *
You fail to use your ability.
The ice beast misses you.
You fail to use your ability.
Your transformation is almost over.
The ice beast hits you.
* * * LOW HITPOINT WARNING * * *
The ice beast freezes you!
You die...

≈ #.....#..##
#........###. .##*
#............, ...##
###............
.....###......<.....#
................>..#
#.......###......# ,
##......# ###....#
#$.s...# #....# *
#..Y...# #....
##.....# .... * ,
#.....# , .#. ,
#.....#* ,, ,*
#..)...# * ,* , *
#.......# * ,
#......... ..........


You could see an ice beast.

Vanquished Creatures
  A water moccasin (D:5)
  Purgy (Sewer)
  A centaur (D:5)
  A scorpion (D:5)
  2 howler monkeys
  A hound (D:5)
  A bullfrog skeleton (D:4)
  2 orc priests (D:4)
  5 orc wizards (D:4)
  5 worker ants
  4 gnolls (D:4)
  4 adders
  2 oozes
  An adder skeleton (D:4)
  2 worms (D:5)
  A dart slug (D:3)
  3 leopard geckos
  12 orcs
  A ball python (D:4)
  8 bats
  8 giant cockroaches
  6 goblins
  A hobgoblin (D:1)
  3 quokkas
  A frilled lizard (D:5)
  5 kobolds
  A quokka zombie (D:2)
  6 rats
89 creatures vanquished.

Vanquished Creatures (others)
  A leopard gecko (D:6)
  12 fungi (D:5)
13 creatures vanquished.

Grand Total: 102 creatures vanquished

Notes
Turn   | Place    | Note
-------+----------+-------------------------------------------
     0 | D:1      | Lavandula the Deep Dwarf Transmuter began the quest for the Orb.
     0 | D:1      | Reached XP level 1. HP: 16/16 MP: 3/3
    76 | D:1      | Reached skill level 3 in Unarmed Combat
    89 | D:2      | Noticed Sigmund
   116 | D:1      | Reached XP level 2. HP: 22/24 MP: 2/4
   251 | D:1      | Learned a level 2 spell: Sticks to Snakes
   341 | D:2      | Noticed a howler monkey
   350 | D:2      | Killed a howler monkey
   350 | D:2      | Reached skill level 4 in Unarmed Combat
   350 | D:2      | Reached XP level 3. HP: 26/30 MP: 0/5
   385 | D:2      | Found a radiant altar of Vehumet.
   499 | D:2      | Learned a level 3 spell: Spider Form
   590 | D:3      | Found a glowing drain.
   627 | Sewer    | Entered a sewer
   670 | Sewer    | Noticed Purgy
   678 | Sewer    | Killed Purgy
   678 | Sewer    | Reached XP level 4. HP: 33/37 MP: 2/7
   678 | Sewer    | Reached XP level 5. HP: 38/43 MP: 2/8
  1130 | D:4      | Reached XP level 6. HP: 27/50 MP: 6/10
  1259 | D:4      | Reached skill level 5 in Unarmed Combat
  1361 | D:4      | Reached XP level 7. HP: 11/56 MP: 1/10
  1485 | D:5      | Entered Level 5 of the Dungeon
  1602 | D:5      | Found a staircase to the Ecumenical Temple.
  1615 | D:5      | Reached skill level 6 in Unarmed Combat
  1686 | Temple   | Entered the Ecumenical Temple
  1709 | Temple   | Became a worshipper of Makhleb the Destroyer
  1743 | D:5      | Noticed Lavandula's ghost (novice DDTm)
  1784 | D:6      | Slain by an ice beast

Skill      XL: |  1  2  3  4  5  6  7 |
---------------+----------------------+-----
Unarmed Combat | 3 4 5 6 |  6.8
Spellcasting   | 2 3 |  3.0
Transmutations | 3 4 |  4.8
Fighting       | |  0.8
Dodging        | |  2.1

Action                   |  1- 3 |  4- 6 |  7- 9 || total
-------------------------+-------+-------+-------++-------
Melee: Unarmed           |    78 |   130 |    60 ||   268
       Kick              |    11 |       |       ||    11
       Headbutt          |     3 |     2 |       ||     5
       Punch             |     1 |     2 |       ||     3
 Cast: Beastly Appendage |    13 |     3 |     2 ||    18
       Sticks to Snakes  |     4 |       |     1 ||     5
       Spider Form       |     3 |    10 |     7 ||    20
 Abil: Heal Wounds       |       |     1 |     4 ||     5
Evoke: Wand              |     1 |     1 |     1 ||     3
  Use: Scroll            |     1 |       |       ||     1
       Potion            |       |     3 |     1 ||     4
 Stab: Sleeping          |     1 |     1 |       ||     2
  Eat: Chunk             |       |     5 |     2 ||     7
Armor: Robe              |    13 |    19 |     8 ||    40
       Skin              |     2 |     5 |     9 ||    16
Dodge: Dodged            |    51 |    56 |    93 ||   200
